 Dungeon Crawl Stone Soup version 0.30-a0-715-gdb4ae3ece1 (webtiles) character file.

Game seed: 6892902967224343929

95 Crownlay the Grave Robber (level 4, -1/30 HPs)
             Began as a Demonspawn Necromancer on Jan 23, 2023.
             Slain by a black bear (12 damage)
             ... on level 4 of the Dungeon.
             The game lasted 00:05:31 (3128 turns).

Crownlay the Grave Robber (Demonspawn Necromancer)  Turns: 3128, Time: 00:05:32

Health: -1/30      AC:  3    Str:  8    XL:     4   Next: 40%
Magic:  1/7        EV: 12    Int: 19    God:
Gold:   157        SH:  0    Dex: 13    Spells: 2/7 levels left

rFire   . . .      SeeInvis .    g - +0 dagger (venom)
rCold   . . .      Faith    .    (no shield)
rNeg    . . .      Spirit   .    a - +0 robe
rPois   .          Reflect  .    (no helmet)
rElec   .          Harm     .    (no cloak)
rCorr   .          Rampage  .    (no gloves)
Will    .....                    (no boots)
Stlth   ++                       (no amulet)
HPRegen 0.25/turn                (no ring)
MPRegen 0.10/turn                (no ring)

@: no status effects
A: powered by death 1, sharp scales 1
a: no special abilities


You were on level 4 of the Dungeon.
You visited 1 branch of the dungeon, and saw 4 of its levels.

You collected 199 gold pieces.
You spent 42 gold pieces at shops.

Inventory:

Hand Weapons
 g - a +0 dagger of venom (weapon)
Armour
 a - a +0 robe (worn)
 t - a +0 pair of gloves
Jewellery
 c - an amulet of faith
 i - a ring of resist corrosion
Scrolls
 d - a scroll of identify
 j - a scroll of vulnerability
 l - 2 scrolls of teleportation
 m - a scroll of enchant armour
 n - a scroll of poison {unknown}
 o - a scroll of fog {unknown}
 q - a scroll of magic mapping {unknown}
Potions
 b - 3 potions of magic
 f - a potion of berserk rage {unknown}
 h - a potion of attraction {unknown}
 k - a potion of lignification {unknown}
 p - a potion of degeneration {unknown}
 r - a potion of flight {unknown}
 s - a potion of haste {unknown}


   Skills:
 - Level 1.7 Dodging
 - Level 1.7 Stealth
 - Level 2.0 Spellcasting
 + Level 6.5 Necromancy


You had 2 spell levels left.
You knew the following spells:

 Your Spells              Type           Power      Damage    Failure   Level
a - Necrotise             Necr           100%       1d9       1%          1
b - Animate Dead          Necr           26%        N/A       12%         4

Your spell library contained the following spells:

 Spells                   Type           Power      Damage    Failure   Level
 Vampiric Draining        Necr           26%        2d7       3%          3
 Agony                    Necr           26%        N/A       32%         5


Dungeon Overview and Level Annotations

Branches:
Dungeon (4/15)
 Temple: D:4-7

Altars:
Wu Jian
Xom

Shops:
D:1 =*(


Innate Abilities, Weirdness & Mutations

You regenerate a little health from kills.
You are partially covered in razor-sharp scales. (AC +1, Slay +1)


Message History

The black bear closely misses you. The black bear claws you.
The black bear closely misses you.
You barely miss the black bear.
The black bear is lightly wounded.
The black bear bites you. The black bear claws you.
The black bear completely misses you.
You hit the black bear but do no damage.
The black bear is moderately wounded.
The black bear bites you. The black bear claws you.
The black bear barely misses you.
You hit the black bear.
The black bear looks as sick as possible!
The black bear is moderately wounded.
The black bear bites you. The black bear claws you.
The black bear closely misses you. The black bear bites you.
* * * LOW HITPOINT WARNING * * *
The black bear claws you but does no damage.
The black bear barely misses you.
The black bear attacks as you move away!
The black bear closely misses you.
The black bear claws you but does no damage.
The black bear claws you.
* * * LOW HITPOINT WARNING * * *
Casting: Necrotise (safe; 1% risk of failure)
Confirm with . or Enter, or press ? or * to list all spells.
Aiming: Necrotise (safe; 1% risk of failure)
Press: ? - help, Shift-Dir - straight line, f/p - black bear
Aim: a black bear (heavily wounded, very poisoned, chance to affect: 83%)
The black bear writhes in agony!
The black bear goes berserk!
The black bear bites you.
* * * LOW HITPOINT WARNING * * *
The black bear claws you.
* * * LOW HITPOINT WARNING * * *
The black bear claws you.
* * * LOW HITPOINT WARNING * * *
Okay, then.
Okay, then.
It was a potion of curing.
You feel better. The black bear bites you!
You die...

#.#......###....
#.####.# #.. ## #.#
#.##.# ..# . #.#.#
#.h.# #.. .. #.#.#
#...##.# ..# #.#.#
#..).)# .. #.#.#
#..#..##.# #.#h#
#..##.o.# #.#@#
#.......#
#.#.####...##..#
#........#.....#
###.###.##...###.....
#..## ##.#...#######.
#..# #............
#..## ##.#...######
#.#.###.###....#
#.##...## ####.#


You could see a black bear (berserk, very poisoned).

Vanquished Creatures
  3 adders
  A worm (D:3)
  2 dart slugs (D:1)
  3 orcs
  11 ball pythons
  7 bats
  4 endoplasms
  2 giant cockroaches (D:2)
  2 hobgoblins (D:1)
  2 jackals (D:1)
  4 quokkas
  4 frilled lizards
  6 goblins
  5 kobolds
  3 rats
59 creatures vanquished.

Vanquished Creatures (collateral kills)
  A frilled lizard (D:1)
1 creature vanquished.

Grand Total: 60 creatures vanquished

Notes
Turn   | Place    | Note
-------+----------+-------------------------------------------
     0 | D:1      | Crownlay the Demonspawn Necromancer began the quest for the
                  | Orb.
     0 | D:1      | Reached XP level 1. HP: 13/13 MP: 3/3
    67 | D:1      | Found Efesubb's General Store.
   138 | D:1      | Bought a scroll of identify for 28 gold pieces
   138 | D:1      | Bought a scroll of noise for 14 gold pieces
   317 | D:1      | Gained mutation: You regenerate a little health from kills.
                  | [demonic ancestry]
   317 | D:1      | Reached XP level 2. HP: 19/19 MP: 3/5
   355 | D:1      | Reached skill level 5 in Necromancy
   500 | D:1      | Found Yzopn's Jewellery Shoppe.
   992 | D:1      | Found Itarhun's Weapon Shoppe.
  1061 | D:1      | Gained mutation: You are partially covered in razor-sharp
                  | scales. (AC +1, Slay +1) [demonic ancestry]
  1061 | D:1      | Reached XP level 3. HP: 24/24 MP: 2/6
  1457 | D:2      | Reached skill level 6 in Necromancy
  1693 | D:2      | Identified the +2 whip of Kikout {flame, rC- MP+9 Int+2}
  1862 | D:2      | Reached XP level 4. HP: 30/30 MP: 5/7
  2510 | D:3      | Learned a level 4 spell: Animate Dead
  2692 | D:3      | Found an ornate altar of the Wu Jian Council.
  2772 | D:3      | Found a shimmering altar of Xom.
  3104 | D:4      | Noticed a black bear
  3128 | D:4      | Slain by a black bear

Illustrated notes

Levels and vault maps discovered:
D:1:      dpeg_arrival_rhombi, layout_loops_ring, serial_shops,
          nicolae_diamond_shop, shop_coins, shop
D:2:      layout_loops_corners, kennysheep_generic_room_8
D:3:      layout_basic, nicolae_wu_jian_immortal_techniques,
          mainiacjoe_overflow_cross_hatched, nicolae_elyvilon_peaceful_grove
D:4:      layout_loops_ring, mainiacjoe_overflow_chevrons,
          gammafunk_temple_overflow_statue, minmay_vboxes, uniq_grinder

Skill      XL: |  1  2  3 |
---------------+----------+-----
Necromancy     | 5 6 |  6.5
Dodging        | |  1.7
Stealth        | |  1.7
Spellcasting   | |  2.0

Action                     |  1- 3 |  4- 6 || total
---------------------------+-------+-------++-------
  Melee: Dagger            |    11 |     7 ||    18
         Punch             |     1 |       ||     1
   Cast: Necrotise         |    71 |    36 ||   107
    Use: Scroll            |     3 |       ||     3
         Potion            |       |     1 ||     1
 Armour: Robe              |     1 |     5 ||     6
  Dodge: Dodged            |    18 |    13 ||    31

Table legend: (Time is in decaauts)
 A = Elapsed time spent in this place.
 B = Non-inter-level travel time spent in this place.
 C = Inter-level travel time spent in this place.
 D = Time resting spent in this place.
 E = Time spent auto-exploring this place.
 F = Levels seen in this place.
 G = Mean time per level.
                   A        B        C        D        E       F      G
               +--------+--------+--------+--------+--------+-----+--------+
         Total |   3126 |   3049 |     77 |      0 |   2689 |   4 |  781.5 |
       Dungeon |   3126 |   3049 |     77 |      0 |   2689 |   4 |  781.5 |
               +--------+--------+--------+--------+--------+-----+--------+

Top non-repeatable levels by time:
     D:1: 1187 daAuts
     D:2: 1151 daAuts
     D:3: 701 daAuts
     D:4: 85 daAuts
